 Dungeon Crawl Stone Soup version 0.26.1-11-gd32895ea62 (webtiles) character file.

Game seed: 3757475750463754659

102 Zeld the Cudgeller (level 4, -2/37 HPs)
             Began as a Draconian Gladiator on June 12, 2021.
             Killed from afar by Ijyb (17 damage)
             ... with a bolt of acid
             ... on level 3 of the Dungeon.
             The game lasted 00:02:05 (1824 turns).

Zeld the Cudgeller (Draconian Gladiator)            Turns: 1824, Time: 00:02:06

Health: -2/37      AC:  5    Str: 17    XL:     4   Next: 50%
Magic:  4/4        EV: 13    Int:  9    God:
Gold:   37         SH:  0    Dex: 12    Spells: 3/3 levels left

rFire    . . .     SeeInvis .   a - +0 flail
rCold    . . .     Faith    .   (no shield)
rNeg     . . .     Spirit   .   (armour unavailable)
rPois    .         Reflect  .   b - +0 hat
rElec    .         Harm     .   (no cloak)
rCorr    .         Rampage  .   (no gloves)
Will     .....                  (no boots)
Stlth    +.........             (no amulet)
HPRegen  0.12/turn              (no ring)
MPRegen  0.09/turn              (no ring)

@: no status effects
A: unfitting armour, cold-blooded, AC +5
a: no special abilities


You were on level 3 of the Dungeon.
You visited 1 branch of the dungeon, and saw 3 of its levels.

You collected 37 gold pieces.

Inventory:

Hand Weapons
 a - a +0 flail (weapon)
Missiles
 c - a throwing net (quivered)
 e - 29 stones
 n - 15 poisoned darts
Armour
 b - a +0 hat (worn)
Jewellery
 l - an uncursed ring of stealth {unknown}
Scrolls
 d - 2 scrolls of identify {unknown}
 f - a scroll of enchant armour {unknown}
 i - a scroll of teleportation {unknown}
 j - 2 scrolls of remove curse {unknown}
 m - a scroll of fear {unknown}
Potions
 g - a potion of haste {unknown}
 h - a potion of flight {unknown}
 k - a potion of brilliance {unknown}


   Skills:
 + Level 2.8 Fighting
 * Level 3.9 Maces & Flails
 * Level 2.9 Throwing
 + Level 3.1 Dodging


You had 3 spell levels left.
You didn't know any spells.
Your spell library was empty.

Dungeon Overview and Level Annotations

Branches:
Dungeon (2/15)

Altars:

Annotations:
D:3 Ijyb


Innate Abilities, Weirdness & Mutations

Your plain brown scales are hard. (AC +5)
You cannot fit into any form of body armour.
You are cold-blooded and may be slowed by cold attacks.


Message History

Ijyb zaps a wand.
The bolt of acid hits you.
You are splashed with acid!
Ijyb struggles against the net.
The net rips apart, and Ijyb comes free!
You are too injured to fight recklessly!
Throw: 2 throwing nets
Press: ? - help, Q - select action, (/) - cycle Shift-Dir - straight line, f/p - Ijyb
Aim: Ijyb, wearing a +0 leather armour and carrying a wand of acid (9) (moderately wounded, unusually resistant, 51% to hit)
You throw a throwing net. The throwing net hits Ijyb.
Ijyb is caught in the net!
Ijyb is moderately wounded.
The adder barely misses you.
You hit Ijyb but do no damage. You tail-slap Ijyb, but do no damage.
Ijyb is moderately wounded.
The adder misses you.
Ijyb grins evilly.
Ijyb struggles against the net.
The adder bites you but does no damage.
You sock Ijyb!
Ijyb is heavily wounded.
Ijyb zaps a wand.
The bolt of acid hits you!
You die...

## .. .# #.# ..# ##
###.$###.
..##..#.g.....>
#.....#@S....#
#........#
###......# #
####.......#
###.###.........##
...................
.........##......).
...###########...#.
.. .###


You could see Ijyb (resistant, caught) and an adder.

Vanquished Creatures
  6 adders (D:2)
  2 oozes
  A dart slug (D:1)
  2 leopard geckos (D:2)
  5 bats
  3 goblins
  6 hobgoblins
  3 jackals (D:2)
  2 kobolds
  A ball python (D:2)
  3 frilled lizards
  5 rats
39 creatures vanquished.

Notes
Turn   | Place    | Note
-------+----------+-------------------------------------------
     0 | D:1      | Zeld the Draconian Gladiator began the quest for the Orb.
     0 | D:1      | Reached XP level 1. HP: 17/17 MP: 1/1
   285 | D:1      | Reached XP level 2. HP: 25/25 MP: 2/2
  1078 | D:2      | Reached XP level 3. HP: 30/30 MP: 3/3
  1433 | D:2      | Reached XP level 4. HP: 36/37 MP: 4/4
  1807 | D:2      | You fall into a shaft and drop 1 floor!
  1809 | D:3      | Noticed Ijyb
  1824 | D:3      | Killed from afar by Ijyb

Illustrated notes

Levels and vault maps discovered:
D:1:      amcnicky_arrival_choice, layout_loops_corners
D:2:      layout_loops_ring
D:3:      layout_rooms, uniq_ijyb

Skill      XL: |  1  2  3 |
---------------+----------+-----
Throwing       | 2 |  2.9
Dodging        | 3 |  3.1
Fighting       | |  2.8
Maces & Flails | |  3.9

Action                   |  1- 3 |  4- 6 || total
-------------------------+-------+-------++-------
Melee: Flail             |    82 |    30 ||   112
       Tailslap          |     7 |     3 ||    10
Throw: Throwing net      |       |     2 ||     2
Armor: Skin              |    24 |    15 ||    39
Dodge: Dodged            |    64 |    28 ||    92
